 Dungeon Crawl Stone Soup version 0.26-a0-259-g1effd001a9 (webtiles) character file.

Game seed: 6670223877094757044

18 drasked the Chopper (level 2, -1/27 HPs)
             Began as a Hill Orc Monk on July 26, 2020.
             Slain by a hound (6 damage)
             ... on level 2 of the Dungeon.
             The game lasted 00:01:15 (890 turns).

drasked the Chopper (Hill Orc Monk)                  Turns: 890, Time: 00:01:15

Health: -1/27      AC:  2    Str: 13    XL:     2   Next: 66%
Magic:  2/2        EV: 13    Int: 10    God:
Gold:   72         SH:  0    Dex: 13    Spells: 1/1 levels left

rFire    . . .     SeeInvis .   a - +0 hand axe
rCold    . . .     Faith    .   (no shield)
rNeg     . . .     Spirit   .   b - +0 robe
rPois    .         Reflect  .   (no helmet)
rElec    .         Harm     .   (no cloak)
rCorr    .                      (no gloves)
MR       .....                  (no boots)
Stlth    ++........             (no amulet)
HPRegen  0.09/turn              (no ring)
MPRegen  0.08/turn              (no ring)

@: no status effects
A: no striking features
a: no special abilities


You were on level 2 of the Dungeon.
You were not hungry.

You visited 1 branch of the dungeon, and saw 2 of its levels.

You collected 72 gold pieces.

Inventory:

Hand Weapons
 a - a +0 hand axe (weapon)
Missiles
 Q - 14 stones (quivered)
Armour
 b - a +0 robe (worn)
Scrolls
 c - 2 scrolls of teleportation {unknown}
 f - a scroll of identify {unknown}
 g - a scroll of amnesia {unknown}
 i - a scroll of fear {unknown}
 j - a scroll of remove curse {unknown}
 m - 2 scrolls of blinking {unknown}
Potions
 d - a potion of berserk rage {unknown}
 h - a potion of curing {unknown}
 k - a potion of might {unknown}
 l - a potion of stabbing {unknown}
Comestibles
 e - 2 rations


   Skills:
 + Level 3.9 Fighting
 * Level 4.7 Axes
 + Level 1.0 Armour
 - Level 2.4 Dodging
 - Level 1.5 Stealth


You had one spell level left.
You didn't know any spells.
Your spell library was empty.

Dungeon Overview and Level Annotations

Branches:
Dungeon (2/15)

Altars:
Makhleb


Message History

You throw a stone. The stone closely misses the kobold.
No target in view!
No target in view!
No target in view!
No target in view!
You barely miss the kobold. The kobold closely misses you.
You hit the kobold.
You kill the kobold!
No target in view!
No target in view!
Q - 15 stones (gained 1)
You see here a +0 dagger.
Q - 16 stones (gained 1)
Q - 17 stones (gained 1)
Q - 19 stones (gained 2)
k - a fuming coppery potion You now have 62 gold pieces (gained 11).
c - 2 scrolls labeled VEOCRUO KEDYE (gained 1)
l - a metallic inky potion
There is an open door here.
There is an escape hatch in the floor here.
You open the door.
There is an open door here.
There is a stone staircase leading down here.
A rat comes into view.
A rat is nearby!
Throwing (i - inventory)
Q - 19 stones (quivered)
Aim: a rat You throw a stone.
The stone hits the rat.
Throwing (i - inventory)
Q - 18 stones (quivered)
Aim: a rat (moderately wounded)
You throw a stone. The stone hits the rat.
Throwing (i - inventory)
Q - 17 stones (quivered)
Aim: a rat (severely wounded)
You throw a stone.
The stone hits the rat but does no damage.
Throwing (i - inventory)
Q - 16 stones (quivered)
Aim: a rat (severely wounded)
You throw a stone. The stone closely misses the rat.
Throwing (i - inventory)
Q - 15 stones (quivered)
Aim: a rat (severely wounded)
You throw a stone.
The stone hits the rat but does no damage.
You hit the rat but do no damage. The rat bites you but does no damage.
You barely miss the rat. The rat closely misses you. The rat barely misses you.
You hit the rat.
You kill the rat!
No target in view!
Q - 15 stones (gained 1)
Q - 16 stones (gained 1)
Q - 17 stones (gained 1)
Q - 18 stones (gained 1)
You now have 72 gold pieces (gained 10).
Done exploring.
Done exploring.
Done exploring.
Done exploring.
Done exploring.
Done exploring.
There is a stone staircase leading down here.
You climb downwards.
There is a stone staircase leading up here.
m - 2 scrolls labeled ERUOLUQ BOCI A hound comes into view.
Found a burning altar of Makhleb.
A hound is nearby!
Throwing (i - inventory)
Q - 18 stones (quivered)
Aim: a hound (asleep)
You throw a stone. The stone hits the hound.
The hound barks!
Throwing (i - inventory)
Q - 17 stones (quivered)
Aim: a hound You throw a stone.
The stone closely misses the hound.
Throwing (i - inventory)
Q - 16 stones (quivered)
Aim: a hound You throw a stone.
The stone barely misses the hound.
Throwing (i - inventory)
Q - 15 stones (quivered)
Aim: a hound You throw a stone.
The stone barely misses the hound.
You barely miss the hound. The hound bites you. x2
You hit the hound but do no damage. The hound completely misses you.
The hound bites you but does no damage.
You hit the hound but do no damage. The hound bites you.
You closely miss the hound. The hound bites you but does no damage.
The hound closely misses you.
You hit the hound. The hound bites you but does no damage.
You barely miss the hound. The hound closely misses you. The hound bites you.
* * * LOW HITPOINT WARNING * * *
You closely miss the hound. The hound bites you but does no damage.
You hit the hound. The hound barely misses you. The hound bites you.
* * * LOW HITPOINT WARNING * * *
You hit the hound. The hound barely misses you.
You hit the hound but do no damage. The hound bites you but does no damage.
The hound misses you.
You hit the hound. The hound bites you.
* * * LOW HITPOINT WARNING * * *
You barely miss the hound. The hound bites you.
* * * LOW HITPOINT WARNING * * *
The hound bites you.
You die...

#. #.._.
#.###...
...#..(.
......(.
......+
#...(####
#h..<#
#@...#
#.##.#
#....#
#.####
###


You could see a hound.

Levels and vault maps discovered:
D:1:      shiori_arrival_whats_in_store_for_you, layout_loops_ring
D:2:      layout_basic, makhleb_heckhound_becter, first_ration

Notes
Turn   | Place    | Note
-------+----------+-------------------------------------------
     0 | D:1      | drasked the Hill Orc Monk began the quest for the Orb.
     0 | D:1      | Reached XP level 1. HP: 19/19 MP: 1/1
    16 | D:1      | Noticed a minotaur skeleton
   174 | D:1      | Identified a +0 club
   179 | D:1      | Reached XP level 2. HP: 26/27 MP: 2/2
   189 | D:1      | Identified a +0 club
   394 | D:1      | Identified a cursed -2 dagger
   553 | D:1      | Identified a +0 club
   556 | D:1      | Reached skill level 1 in Armour
   605 | D:1      | Identified a +0 dagger
   874 | D:2      | Found a burning altar of Makhleb.
   889 | D:2      | HP: 6/27 [hound (3)]
   890 | D:2      | Slain by a hound

Table legend:
 A = Turns spent in this place as a percentage of turns spent in the entire game.
 B = Non-inter-level travel turns spent in this place as a percentage of non-inter-level travel turns spent in the entire game.
 C = Inter-level travel turns spent in this place as a percentage of turns spent in this place.
 D = Turns resting spent in this place as a percentage of non-inter-level travel turns spent in this place.
 E = Turns spent auto-exploring this place as a percentage of non-inter-level travel turns spent in this place.
 F = Non-inter-level travel turns spent in this place divided by the number of levels of this place that you've seen.
                   A       B       C       D       E      F
               +-------+-------+-------+-------+-------+----------------------
         Total | 100.0 | 100.0 |   2.2 |  18.2 |  60.2 | 435.0
       Dungeon | 100.0 | 100.0 |   2.2 |  18.2 |  60.2 | 435.0
               +-------+-------+-------+-------+-------+----------------------

Table legend:
 A = Kills in this place as a percentage of kills in entire the game.
 B = Kills by you in this place as a percentage of kills by you in the entire game.
 C = Kills by friends in this place as a percentage of kills by friends in the entire game.
 D = Other kills in this place as a percentage of other kills in the entire game.
 E = Experience gained in this place as a percentage of experience gained in the entire game.
 F = Experience gained in this place divided by the number of levels of this place that you have seen.
                   A       B       C       D       E      F
               +-------+-------+-------+-------+-------+----------------------
         Total | 100.0 | 100.0 |   N/A |   N/A | 100.0 |  13.0
       Dungeon | 100.0 | 100.0 |   N/A |   N/A | 100.0 |  13.0
               +-------+-------+-------+-------+-------+----------------------

Skill      XL: |  1  2 |
---------------+-------+-----
Armour         | 1 |  1.0
Fighting       | |  3.9
Axes           | |  4.7
Dodging        | |  2.4
Stealth        | |  1.5

Action                   || total
-------------------------++-------
Melee: Hand axe          ||    61
Throw: Stone             ||    17
 Stab: Sleeping          ||     2
Armor: Robe              ||    14
Dodge: Dodged            ||    31

Vanquished Creatures
  A leopard gecko (D:1)
  A giant cockroach (D:1)
  2 goblins (D:1)
  3 hobgoblins (D:1)
  2 kobolds (D:1)
  2 bats (D:1)
  3 frilled lizards (D:1)
  4 rats (D:1)
18 creatures vanquished.
